 Dungeon Crawl Stone Soup version 0.22-a0-108-g89a73045dd (webtiles) character file.

16114 Murumi the Fighter (level 12, -10/80 HPs)
             Began as a Gargoyle Fighter on Jan 26, 2018.
             Was a Priest of Elyvilon.
             Engulfed by an ice statue's freezing vapour (25 damage)
             ... in an ice cave.
             The game lasted 00:59:06 (14903 turns).

Murumi the Fighter (Gargoyle Fighter)              Turns: 14903, Time: 00:59:07

Health: -10/80     AC: 28    Str: 28    XL:     12   Next: 34%
Magic:  19/19      EV:  9    Int: 11    God:    Elyvilon [***...]
Gold:   472        SH:  5    Dex:  9    Spells: 11/11 levels left

rFire    . . .     SeeInvis .   c - +0 morningstar
rCold    . . .     Gourm    .   I - +0 buckler
rNeg     + . .     Faith    .   A - +1 plate armour {rPois}
rPois    ∞         Spirit   .   p - +0 helmet
rElec    +         Reflect  .   v - +1 cloak {MR+}
rCorr    .         Harm     .   (no gloves)
MR       +....                  (no boots)
Stlth    ..........             m - amulet of magic regeneration
HPRegen  0.23/turn              d - ring of flight
MPRegen  0.41/turn              (no ring)

@: mighty, invisible
A: negative energy resistance 1, electricity resistance, unbreathing,
petrification resistance, rot immunity, AC +8
a: Lesser Healing, Heal Other, Purification, Divine Protection, Renounce
Religion, Evoke Flight


You were in an ice cave.
You worshipped Elyvilon.
Elyvilon was most pleased with you.
You were very hungry.

You visited 3 branches of the dungeon, and saw 13 of its levels.
You also visited: Ice Cave.

You collected 562 gold pieces.
You spent 90 gold pieces at shops.

Inventory:

Hand Weapons
 c - a +0 morningstar (weapon)
Missiles
 e - 214 stones (quivered)
Armour
 b - a +2 shield
 p - a +0 helmet (worn)
 v - a +1 cloak of magic resistance (worn)
 A - a +1 plate armour of poison resistance (worn)
 I - a +0 buckler (worn)
Jewellery
 d - a ring of flight (left hand)
 m - an amulet of magic regeneration (around neck)
 x - an uncursed ring of wizardry {unknown}
Wands
 h - a wand of paralysis (9)
 o - a wand of flame (40)
 y - a wand of acid (5)
 E - a wand of enslavement (8)
 G - a wand of digging (9)
Scrolls
 i - 7 scrolls of amnesia
 k - 2 scrolls of remove curse
 s - a scroll of enchant weapon
 t - a scroll of immolation
 u - a scroll of teleportation
 B - a scroll of fear
 F - a scroll of identify
Potions
 a - 2 potions of berserk rage
 g - 2 potions of brilliance
 j - 5 potions of haste
 l - 3 potions of agility
 q - 2 potions of ambrosia
 r - 3 potions of curing
 H - a potion of invisibility
Comestibles
 f - 21 rations


   Skills:
 - Level 11.0 Fighting
 - Level 9.0 Maces & Flails
 - Level 10.0 Armour
 - Level 3.1 Dodging
 + Level 8.7 Shields
 - Level 10.0 Invocations


You had 11 spell levels left.
You didn't know any spells.

Dungeon Overview and Level Annotations

Branches:
Dungeon (10/15)            Temple (1/1) D:7            Lair (2/6) D:9
    Orc (0/2) D:10
  Swamp: Lair:2-4    Shoals: Lair:2-4     Snake: Lair:2-4    Spider: Lair:2-4

Altars:
Ashenzari
Cheibriados
Dithmenos
Elyvilon
Fedhas
Gozag
Hepliaklqana
Kikubaaqudgha
Makhleb
Nemelex Xobeh
Okawaru
Qazlal
Ru
Sif Muna
Trog
Uskayaw
Vehumet
Wu Jian
Xom
Yredelemnul
Zin
The Shining One

Shops:
D:5 :   D:8 %

Annotations:
Lair:1 exclusion: oklob plant IceCv exclusion: ice statue


Innate Abilities, Weirdness & Mutations

You are resistant to torment.
Your stone body is resilient. (AC +8)
You are immune to poison.
You resist negative energy. (rN+)
You are resistant to electric shocks. (rElec)
You can survive without breathing.
You are immune to petrification.
You are immune to rotting.


Message History

The ice beast barely misses you.
You puncture the ice statue!
The ice statue is heavily damaged.
You are engulfed in freezing vapours.
* * * LOW HITPOINT WARNING * * *
The white ugly thing is engulfed in freezing vapours.
The white ugly thing headbutts you but does no damage.
The ice beast hits you but does no damage.
You block the ice beast's attack. The ice beast barely misses you.
You feel much better.
You are engulfed in freezing vapours.
* * * LOW HITPOINT WARNING * * *
The white ugly thing is engulfed in freezing vapours.
The white ugly thing headbutts you but does no damage.
The ice beast hits you but does no damage.
You block the ice beast's attack. The ice beast closely misses you.
Press: ? - help, v - describe, . - travel
Here: an ice beast (freezing vapour, summoned)
The floor.
You fade into invisibility!
You die...

##........##
##..........#
##...........#
#..........8.#
#.........!.?#
#.∩.©....$.=.#
#.........$.(#
#......Y8u.8.#
##.....Y@Y§..#
##....§§§...#
##........##
####...###
#####


You could see an ice statue, a white ugly thing and 3 ice beasts.

Vanquished Creatures
  Erica (Lair:2)
  2 two-headed ogres
  Pikel (D:5)
  An ugly thing (IceCv)
  An ice statue (IceCv)
  A centaur zombie (D:10)
  The ghost of motoroller71 the Slasher, a novice DsFi of Makhleb (D:6)
  2 rime drakes (Lair:2)
  3 spiny frogs (Lair:1)
  4 komodo dragons (Lair:1)
  Prince Ribbit (D:7)
  A hippogriff (D:9)
  Sigmund (D:5)
  6 yaks (D:10)
  2 hungry ghosts
  A basilisk (Lair:1)
  Menkaure (D:7)
  4 porcupines (Lair:1)
  4 water moccasins
  6 sky beasts
  6 orc warriors
  5 ogres
  11 ice beasts
  4 black bears
  A phantom (D:8)
  3 wolves (Lair:1)
  6 centaurs
  4 crocodiles (Lair:1)
  6 bullfrogs
  A gnoll sergeant (D:6)
  5 scorpions
  7 killer bees
  2 electric eels (D:10)
  6 howler monkeys
  3 crimson imps
  2 bullfrog zombies
  4 hounds
  A quasit (D:10)
  6 bullfrog skeletons
  4 jellies
  Crazy Yiuf (D:4)
  9 orc priests
  A centaur skeleton (D:8)
  4 iguanas
  13 orc wizards
  8 worker ants
  A hound skeleton (D:7)
  Robin (D:2)
  A worker ant zombie (D:8)
  7 gnolls
  20 adders
  A river rat (D:3)
  3 shadow imps
  5 oozes (D:8)
  2 adder skeletons (D:5)
  An adder zombie (D:6)
  6 worms
  5 leopard geckos
  40 orcs
  9 bats
  4 giant cockroaches
  11 goblins
  8 hobgoblins
  14 jackals
  3 kobolds
  A quokka (D:2)
  3 ball pythons
  A ball python skeleton (D:4)
  8 frilled lizards
  A jackal skeleton (D:4)
  2 leopard gecko skeletons
  A leopard gecko zombie (D:8)
  9 rats
335 creatures vanquished.

Vanquished Creatures (others)
  A water moccasin (Lair:2)
  A leopard gecko (D:5)
  A fungus (Lair:1)
  A plant (Lair:1)
4 creatures vanquished.

Grand Total: 339 creatures vanquished

Notes
Turn   | Place    | Note
-------+----------+-------------------------------------------
     0 | D:1      | Murumi the Gargoyle Fighter began the quest for the Orb.
     0 | D:1      | Reached XP level 1. HP: 14/14 MP: 1/1
   259 | D:1      | Reached XP level 2. HP: 15/19 MP: 2/2
   563 | D:1      | Reached skill level 1 in Dodging
   774 | D:2      | Noticed Robin
   892 | D:2      | Reached XP level 3. HP: 23/23 MP: 3/3
  1162 | D:2      | Reached XP level 4. HP: 28/28 MP: 4/4
  1188 | D:2      | Killed Robin
  1405 | D:2      | Reached skill level 4 in Fighting
  1405 | D:2      | Reached XP level 5. HP: 34/34 MP: 5/5
  1459 | D:2      | Found a faded altar of an unknown god.
  2220 | D:3      | Reached XP level 6. HP: 39/39 MP: 6/6
  2937 | D:3      | Reached skill level 5 in Maces & Flails
  3457 | D:4      | Reached skill level 5 in Fighting
  3480 | D:4      | Reached XP level 7. HP: 35/44 MP: 7/7
  3702 | D:4      | Reached skill level 5 in Armour
  3952 | D:4      | Found a runed door.
  4370 | D:4      | Reached skill level 6 in Fighting
  4678 | D:4      | Noticed Crazy Yiuf
  4689 | D:4      | Killed Crazy Yiuf
  4725 | D:5      | Entered Level 5 of the Dungeon
  4741 | D:5      | Noticed Sigmund
  4758 | D:5      | Killed Sigmund
  4758 | D:5      | Reached XP level 8. HP: 49/51 MP: 8/8
  4980 | D:5      | Reached skill level 7 in Fighting
  5519 | D:5      | Found Seixuylu's Book Boutique.
  5773 | D:5      | Noticed Pikel
  5787 | D:5      | Killed Pikel
  5787 | D:5      | Reached skill level 9 in Fighting
  5787 | D:5      | Reached XP level 9. HP: 51/60 MP: 9/9
  6152 | D:6      | Noticed motoroller71's ghost (novice DsFi)
  6170 | D:6      | Killed motoroller71's ghost
  6170 | D:6      | Reached skill level 10 in Fighting
  7312 | D:7      | Noticed Prince Ribbit
  7396 | D:7      | Reached XP level 10. HP: 54/68 MP: 10/10
  7872 | D:7      | Killed Prince Ribbit
  8074 | D:7      | Noticed Menkaure
  8084 | D:7      | Killed Menkaure
  8506 | D:7      | Found a staircase to the Ecumenical Temple.
  8598 | Temple   | Entered the Ecumenical Temple
  8603 | Temple   | Became a worshipper of Elyvilon the Healer
  8822 | D:7      | Reached skill level 1 in Invocations
  9414 | D:8      | Reached skill level 5 in Invocations
  9553 | D:8      | Found Zin's Purification Station.
  9557 | D:8      | Found a glowing silver altar of Zin.
  9560 | D:8      | Bought a potion of curing for 90 gold pieces
  9663 | D:8      | Noticed a two-headed ogre
  9674 | D:8      | Killed a two-headed ogre
  9700 | D:8      | Found Qostreli's Food Emporium.
  9733 | D:8      | Reached * piety under Elyvilon
 10195 | D:9      | Reached XP level 11. HP: 72/72 MP: 16/16
 10294 | D:9      | Found a staircase to the Lair.
 10375 | D:9      | Reached ** piety under Elyvilon
 10597 | D:10     | Entered Level 10 of the Dungeon
 11137 | D:10     | Noticed a two-headed ogre
 11148 | D:10     | Killed a two-headed ogre
 11610 | D:10     | Reached *** piety under Elyvilon
 11661 | D:10     | Reached skill level 10 in Invocations
 11853 | D:10     | Found a staircase to the Orcish Mines.
 12533 | Lair:1   | Entered Level 1 of the Lair of Beasts
 12732 | Lair:1   | Reached skill level 10 in Armour
 13054 | Lair:1   | Noticed an oklob plant
 13283 | Lair:1   | Reached skill level 11 in Fighting
 13622 | Lair:1   | Reached skill level 5 in Shields
 13624 | Lair:1   | Reached XP level 12. HP: 53/80 MP: 19/19
 14285 | Lair:1   | Reached **** piety under Elyvilon
 14537 | Lair:2   | Noticed Erica
 14560 | Lair:2   | Killed Erica
 14590 | Lair:2   | Found a hide-covered altar of Uskayaw.
 14623 | Lair:2   | Found a frozen archway.
 14639 | IceCv    | Entered an ice cave
 14829 | IceCv    | Found a transporter.
 14903 | IceCv    | Engulfed by an ice statue's freezing vapour

Vault maps used:
D:1:      co_arrival_square_in_a_square_in_a_square, moated_statue
D:2:      chequers_ecumenical_altar_simple_redux, grunt_ministairs_1, uniq_robin
D:3:      gup_sewer_entry_spiral
D:4:      uniq_crazy_yiuf_cottage
D:5:      first_ration, serial_shops, shop, roderic_roman_lattice, uniq_sigmund,
          uniq_pikel
D:6:      minmay_bent
D:7:      minmay_temple_entry_poolview, uniq_prince_ribbit1, uniq_menkaure
D:8:      zin_purify, serial_shops, shop, hangedman_little_slice_of_home
D:9:      lair_entry_dummy
D:10:     erik_orc_2
Temple:   grunt_wide_crystal_templ
Lair:1:   minivault_23, beast_lair_carwin_5, grunt_megastairs_1,
          lemuel_fruit_fields, minmay_lair_oklob_chamber
Lair:2:   portal_ice_cave_rime, basic_altar, ldierk_geyser, uniq_erica
IceCv:    ice_cave_statue_garden_teleport

Skill      XL: |  1  2  3  4  5  6  7  8  9 10 11 12 |
---------------+-------------------------------------+-----
Dodging        | 1 2 3 |  3.1
Maces & Flails | 3 4 5 6 7 8 9 |  9.0
Fighting       | 4 5 6 9 10 11 | 11.0
Armour         | 4 6 7 9 10 | 10.0
Invocations    | 7 10 | 10.0
Shields        | 5 8 |  8.7

Action                   |  1- 3 |  4- 6 |  7- 9 | 10-12 || total
-------------------------+-------+-------+-------+-------++-------
Melee: Flail             |   101 |   272 |   325 |       ||   698
       Dire flail        |       |       |    82 |   846 ||   928
       Morningstar       |       |       |       |   170 ||   170
Throw: Stone             |    27 |    79 |   179 |   258 ||   543
Invok: Lesser Healing    |       |       |       |    14 ||    14
       Greater Healing   |       |       |       |     2 ||     2
 Abil: Evoke Flight      |       |       |       |     1 ||     1
Evoke: Wand              |       |       |       |     1 ||     1
  Use: Scroll            |     1 |     4 |     3 |     8 ||    16
       Potion            |       |     1 |     2 |     6 ||     9
  Eat: Chunk             |     1 |     8 |    13 |    25 ||    47
       Ration            |       |       |     3 |     2 ||     5
Armor: Scale mail        |    74 |   160 |   147 |       ||   381
       Plate armour      |       |       |    59 |   739 ||   798
Dodge: Dodged            |    67 |   137 |   163 |   348 ||   715
Block: Buckler           |       |       |       |    39 ||    39

Table legend:
 A = Spawn XP
 B = Non-spawn XP
 C = Spawn XP percentage of total XP
 D = Spawn monster count
 E = Non-spawn monster count
 F = Spawn count percentage of total count
 G = Total turns spent on level
                    A         B        C        D         E        F      G
               +---------+---------+-------+---------+---------+-------+---------
         Total |       0 |   23020 |   0.0 |       0 |     336 |   0.0 | 14903
               +---------+---------+-------+---------+---------+-------+---------
           D:1 |       0 |      23 |   0.0 |       0 |      13 |   0.0 |   883
           D:2 |       0 |     172 |   0.0 |       0 |      31 |   0.0 |   894
           D:3 |       0 |     382 |   0.0 |       0 |      43 |   0.0 |  1647
           D:4 |       0 |     505 |   0.0 |       0 |      26 |   0.0 |  1340
           D:5 |       0 |    1835 |   0.0 |       0 |      26 |   0.0 |  1468
           D:6 |       0 |    1587 |   0.0 |       0 |      28 |   0.0 |  1062
           D:7 |       0 |    1838 |   0.0 |       0 |      29 |   0.0 |  1607
           D:8 |       0 |    2422 |   0.0 |       0 |      40 |   0.0 |   997
           D:9 |       0 |    1230 |   0.0 |       0 |      19 |   0.0 |   903
          D:10 |       0 |    4505 |   0.0 |       0 |      43 |   0.0 |  1646
        Lair:1 |       0 |    4870 |   0.0 |       0 |      25 |   0.0 |  1991
        Lair:2 |       0 |    1857 |   0.0 |       0 |       5 |   0.0 |   115
         IceCv |       0 |    1794 |   0.0 |       0 |       8 |   0.0 |   264
               +---------+---------+-------+---------+---------+-------+---------
